Zazza, neutral female human Tourist ..--..---- .......|<. .......... .......... .).. ... ... ... .).. ..)(.- .*...--- ----...|... ---[.... |..|.--. ---|...-- ---G@| |.f| ---- Zazza the Sightseer Experience level: 5 Strength: 12 Dexterity: 10 Constitution: 16 Intelligence: 11 Wisdom: 7 Charisma: 18 Health: 0(48) Energy: 19(19) Def: 2 Gold: 2030 Moves: 5712 Dungeon seed: hZDHjILElF-nIQz_ Game ID: Zazza_1619194415 Your Inventory: Coins $ - 2030 gold pieces Amulets Q - an uncursed amulet of ESP (being worn) Weapons a - 28 +2 darts J - a blessed +4 sling M - 3 blessed +1 daggers (wielded) S - 2 +0 daggers T - a cursed +0 elven dagger Armor e - an uncursed +0 Hawaiian shirt (being worn) n - an uncursed +0 dwarvish cloak q - an uncursed +0 pair of iron shoes r - an uncursed burnt +0 dwarvish cloak (being worn) y - an uncursed +0 pair of iron shoes (being worn) Comestibles x - 2 cursed tripe rations Scrolls o - a cursed scroll of teleportation Wands N - a wand of striking (0:0) X - a wand of enlightenment (0:12) Tools l - an expensive camera (0:65) t - an uncursed towel B - an uncursed lock pick Spells and supernatural/magical abilities: Name Level Category Fail Memory W - pray for help -- divine ? -- Your skills at the end: Fighting Skills Weapon Skills dagger [Basic] dart [Basic] Spellcasting Skills Final Attributes: You were piously aligned. You were telepathic. You were fast. You are dead. Vanquished creatures: 2 ghosts an imp 2 shriekers a giant ant a little dog 4 floating eyes 5 dwarves a homunculus a rothe a rabid rat 2 giant bats 4 orc zombies 2 iguanas 2 acid blobs 4 hobbits 2 large kobolds a hobgoblin 4 giant rats 5 cave spiders 2 yellow molds a red mold 15 gnomes a gnome zombie 2 geckos 10 jackals 2 kobolds 2 goblins a sewer rat 11 grid bugs 10 lichens 2 kobold zombies 11 newts 115 creatures vanquished. Voluntary challenges: You had been an atheist until turn 3112. You used a wielded weapon 65 times, starting on turn 2958. You had been a pacifist until turn 2967. You read items or engraved 40 times, starting on turn 175. You never genocided any monsters. You never polymorphed an object. You never changed form. You used no wishes. You never split a pudding. You wrote Elbereth's name 27 times, starting on turn 1760. You never violated your personal moral code. Dungeon overview: The Dungeons of Doom: levels 1 to 6 Level 1 some fountains a long staircase Level 2 a general store, some fountains, a sink Level 3 a fountain stairs to The Gnomish Mines Level 4 a general store, a fountain Level 5 Level 6 an altar to The Lady, a fountain The Gnomish Mines: levels 4 to 5 Level 4 stairs to The Dungeons of Doom Level 5 <- You were here History has recorded: On T:1 you entered the Dungeons of Doom to retrieve the Amulet of Yendor! On T:439 you reached level 2 of The Dungeons of Doom. On T:1926 you reached level 3 of The Dungeons of Doom. On T:2109 you reached level 1 of The Gnomish Mines. On T:2228 you reached level 4 of The Dungeons of Doom. On T:2837 you reached level 5 of The Dungeons of Doom. On T:3322 you reached level 6 of The Dungeons of Doom. On T:3959 you advanced to experience level 2. On T:5047 you advanced to experience level 3. On T:5194 you advanced to experience level 4. On T:5624 you reached level 2 of The Gnomish Mines. On T:5668 you advanced to experience level 5. Score breakdown: Gold: 2009 (11236 points) Experience: 5 levels (11141 points) Exploration: 6 levels ( 11.32%) ( 9302 points) Discoveries: 19 items ( 6.38%) ( 7575 points) Valuables value: (no points given unless you survive) Artifact value: 0 ( 0 points) Variety of kills: 32 monsters ( 8.40%) ( 8694 points) Turncount: 5712 turns (-1551 points) Survival: died (score multiplied by 80%) Total score: 37117 Latest messages: The gnome turns to flee! You kill the gnome! The large cat eats a gnome corpse. Something is written here in the dust. You read: "El|c?ct?". You displace your large cat. Something is written here in the dust. You read: "?||ere?r". There are a few objects here. You write in the dust with your fingers. The homunculus turns to flee! You hit the homunculus. You miss the homunculus. You stop. Your large cat is in the way! You displace your large cat. You hit the gnome lord. (3x) The gnome lord thrusts his dagger. The gnome lord hits! You hit the gnome lord. The gnome lord thrusts his dagger. The gnome lord hits! You die... Final status: Aloha Zazza the Tourist, killed by a gnome lord... You died in The Gnomish Mines on dungeon level 5 with 37117 points, and 2030 pieces of gold, after 5712 moves. You were level 5 with a maximum of 48 hit points when you died.